 Dungeon Crawl Stone Soup version 0.18-a0-1314-g2549be2 (webtiles) character file.

1236 Oddball22 the Magician (level 8, -12/41 HPs)
             Began as a Deep Elf Air Elementalist on Feb 15, 2016.
             Killed by nerve-wracking pain
             ... invoked by Grinder
              (13 damage)
             ... while paralysed by Grinder
             ... on level 5 of the Dungeon.
             The game lasted 00:18:27 (5190 turns).

Oddball22 the Magician (Deep Elf Air Elementalist)  Turns: 5190, Time: 00:18:27

Health: -12/41     AC:  7    Str:  5    XL:     8   Next: 24%
Magic:  8/20       EV:  2    Int: 23    God:
Gold:   159        SH:  0    Dex: 15    Spells: 5 memorised, 8 levels left

rFire  . . .     SeeInvis .     x - +0 dagger (elec)
rCold  . . .     Gourm    .     a - +0 robe
rNeg   . . .     Faith    .     (no shield)
rPois  .         Spirit   .     u - +0 hat
rElec  .         Dismiss  .     (no cloak)
rCorr  .         Reflect  .     v - +1 pair of gloves
SustAt .         Harm     .     (no boots)
MR     .....                    w - amulet of rage
Stlth  ++........               (no ring)
                                j - +3 ring of protection

@: paralysed, very slightly contaminated, not resistant to hostile enchantments,
unstealthy
A: no striking features
a: Evoke Berserk Rage


You were on level 5 of the Dungeon.
You were hungry.

You visited 2 branches of the dungeon, and saw 6 of its levels.

You collected 159 gold pieces.

Inventory:

Hand Weapons
 m - a +1 dagger of protection
 x - a +0 dagger of electrocution (weapon)
 y - a +1 dagger of chaos
Missiles
 q - 8 javelins of returning (quivered)
Armour
 a - a +0 robe (worn)
 u - a +0 hat (worn)
 v - a +1 pair of gloves (worn)
Jewellery
 j - a +3 ring of protection (left hand)
 w - an amulet of rage (around neck)
Scrolls
 d - 3 scrolls of amnesia {unknown}
 g - a scroll of magic mapping {unknown}
 h - 6 scrolls of teleportation {unknown}
 k - 2 scrolls of enchant armour {unknown}
 l - 3 scrolls of identify {unknown}
 n - a scroll of remove curse {unknown}
 o - a scroll of fear {unknown}
 r - a scroll of random uselessness {unknown}
 z - a scroll of noise {unknown}
Potions
 e - 3 potions of flight {unknown}
 i - 2 potions of brilliance {unknown}
 t - 2 potions of degeneration {unknown}
 A - a potion of lignification {unknown}
Books
 b - a book of Air

   Spells                             Type                      Level
   a - Shock                          Conjuration/Air              1
   b - Swiftness                      Charms/Air                   2
   c - Repel Missiles                 Charms/Air                   2
   d - Static Discharge               Conjuration/Air              3
   e - Lightning Bolt                 Conjuration/Air              5
Comestibles
 c - 3 bread rations
 f - a slice of pizza
 p - a beef jerky
 s - a meat ration
 B - 4 chunks of flesh


   Skills:
 - Level 2.4 Dodging
 - Level 2.4 Stealth
 + Level 7.1 Spellcasting
 * Level 6.8 Conjurations
 - Level 5.5 Charms
 + Level 5.1 Air Magic


You had 8 spell levels left.
You knew the following spells:

 Your Spells              Type           Power        Failure   Level  Hunger
a - Shock                 Conj/Air       ####         1%          1    None
b - Repel Missiles        Chrm/Air       ####..       1%          2    None
c - Swiftness             Chrm/Air       ####....     1%          2    None
d - Static Discharge      Conj/Air       #####...     1%          3    None
e - Lightning Bolt        Conj/Air       #####.....   21%         5    #####..


Dungeon Overview and Level Annotations

Branches:
Dungeon (5/15)             Temple (1/1) D:5

Altars:
Ashenzari
Cheibriados
Dithmenos
Elyvilon
Gozag
Kikubaaqudgha
Makhleb
Nemelex Xobeh
Okawaru
Pakellas
Ru
Trog
Vehumet
Xom
Zin

Shops:
D:4 :

Annotations:
D:3 Purgy
D:5 Grinder, Sigmund


Message History

The zap hits Grinder.
Grinder is heavily wounded.
The zap hits Sigmund.
Sigmund is moderately wounded.
Grinder gestures at you. Pain shoots through your body!
Grinder gestures at you.
You suddenly lose the ability to move!
Grinder hits you.
You writhe in agony. x2
A giant gecko comes into view.
Grinder hits you!
* * * LOW HITPOINT WARNING * * *
You writhe in agony.
* * * LOW HITPOINT WARNING * * *
Sigmund mumbles some strange words.
Sigmund flickers and vanishes!
Deactivating autopickup; reactivate with Ctrl-A.
Grinder gestures at you. Pain shoots through your body!
You die...

#.######### #.###.# #.#
######## #.# #.# ..#
#......# #.###.# ###
#......# #.....# #
#......# ##...## #
#......# #..#.# #
##.>....# #.(..# #
#.....### #.####
#####.###.# #@# ......#
#.## #5# ...#..###..#
#{#
##.#.......#####l......#
...#.............#####.#
#..#..#.##.#####.#
#..#.....#.# #.#
........)..# #.#
.####....#.# #.#


You could see Grinder and a giant gecko (wandering).

Vanquished Creatures
  Menkaure (D:4)
  Edmund (D:4)
  An ice beast (D:5)
  2 ogres
  2 phantoms (D:4)
  Blork the orc (D:4)
  4 crimson imps (D:3)
  A quasit (D:4)
  2 hounds
  2 iguanas (D:5)
  Robin (D:4)
  10 adders
  An ooze (D:1)
  An adder skeleton (D:4)
  3 worms
  4 giant geckos
  5 orcs
  6 bats
  11 giant cockroaches
  16 goblins
  11 hobgoblins
  7 jackals
  3 quokkas
  A giant newt (D:3)
  8 kobolds
  4 rats
109 creatures vanquished.

Notes
Turn   | Place    | Note
--------------------------------------------------------------
     0 | D:1      | Oddball22 the Deep Elf Air Elementalist began the quest for the Orb.
     0 | D:1      | Reached XP level 1. HP: 10/10 MP: 6/6
   274 | D:1      | Reached XP level 2. HP: 15/15 MP: 4/8
   278 | D:1      | Learned a level 2 spell: Repel Missiles
   281 | D:1      | Learned a level 2 spell: Swiftness
   958 | D:2      | Reached skill level 4 in Spellcasting
   958 | D:2      | Reached XP level 3. HP: 19/19 MP: 3/10
  1309 | D:2      | Reached XP level 4. HP: 22/24 MP: 6/12
  1333 | D:2      | Learned a level 3 spell: Static Discharge
  1443 | D:2      | Reached skill level 5 in Spellcasting
  1566 | D:2      | Found a faded altar to an unknown god.
  1735 | D:2      | Reached skill level 1 in Charms
  2411 | D:3      | Reached XP level 5. HP: 28/28 MP: 5/14
  2479 | D:3      | Learned a level 5 spell: Lightning Bolt
  2567 | D:3      | Noticed Purgy
  2659 | D:3      | Found a shimmering altar of Xom.
  2721 | D:3      | Noticed an ogre
  2729 | D:3      | Killed an ogre
  2729 | D:3      | Reached XP level 6. HP: 11/32 MP: 1/16
  3104 | D:3      | Reached skill level 5 in Charms
  3424 | D:4      | Noticed Blork the orc
  3434 | D:4      | Killed Blork the orc
  3435 | D:4      | Noticed Menkaure
  3492 | D:4      | Killed Menkaure
  3492 | D:4      | Reached XP level 7. HP: 19/36 MP: 6/17
  3642 | D:4      | Found an iron altar of Okawaru.
  3677 | D:4      | Noticed Edmund
  3679 | D:4      | Reached skill level 5 in Conjurations
  3699 | D:4      | Killed Edmund
  3699 | D:4      | Reached skill level 6 in Spellcasting
  4009 | D:4      | Noticed Robin
  4020 | D:4      | Killed Robin
  4139 | D:4      | Reached XP level 8. HP: 41/41 MP: 14/20
  4173 | D:4      | Found Yleolo's Book Shoppe.
  4392 | D:5      | Entered Level 5 of the Dungeon
  4535 | D:5      | Found a staircase to the Ecumenical Temple.
  4544 | D:5      | Reached skill level 7 in Spellcasting
  4544 | D:5      | Reached skill level 5 in Air Magic
  4555 | Temple   | Entered the Ecumenical Temple
  5178 | D:5      | Noticed Grinder
  5181 | D:5      | Noticed Sigmund
  5186 | D:5      | Paralysed by Grinder for 7 turns
  5189 | D:5      | HP: 1/41 [Grinder (6)]
  5190 | D:5      | Killed from afar by Grinder

Vault maps used:
D:1:      moated_graveyard_arrival, kennysheep_small_spiral
D:2:      ecumenical_altar_1, roderic_lattice_a, roderic_serpentine_path
D:3:      first_bread, led_xom_imps, uniq_purgy
D:4:      serial_shops, nicolae_shop_waterfront, okawaru_gym_becter,
          uniq_blork_the_orc, uniq_edmund, uniq_menkaure, uniq_robin
D:5:      tgw_sif, minmay_temple_entry_overgrown, uniq_grinder, uniq_sigmund
Temple:   hc_temple_tempest_star

Action                   |  1- 3 |  4- 6 |  7- 9 || total
-------------------------+-------+-------+-------++-------
Melee: Dagger            |     7 |    30 |    59 ||    96
 Cast: Shock             |    84 |   116 |    73 ||   273
       Static Discharge  |       |     5 |     6 ||    11
       Lightning Bolt    |       |       |     1 ||     1
 Stab: Sleeping          |       |     2 |       ||     2
  Eat: Chunk             |     1 |     7 |     5 ||    13
